 Dungeon Crawl Stone Soup version 0.29-a0-43-g62a80824bf (webtiles) character file.

Game seed: 18361920963343667270

351 HallandMoats the Skirmisher (level 6, -1/43 HPs)
             Began as an Octopode Fighter on Feb 3, 2022.
             Was a Follower of Wu Jian.
             Slain by an ice beast (14 damage)
             ... on level 4 of the Dungeon.
             The game lasted 00:04:13 (4024 turns).

HallandMoats the Skirmisher (Octopode Fighter)      Turns: 4024, Time: 00:04:14

Health: -1/43      AC:  1    Str: 18    XL:     6   Next: 61%
Magic:  8/8        EV: 13    Int: 10    God:    Wu Jian [*.....]
Gold:   123        SH:  4    Dex: 11    Spells: 7/7 levels left

rFire   . . .      SeeInvis .   a - +1 trident (vorpal)
rCold   . . .      Faith    .   b - +0 buckler
rNeg    . . .      Spirit   .   (helmet restricted)
rPois   .          Reflect  .   (no amulet)
rElec   .          Harm     .   (no ring)
rCorr   .          Rampage  .   (no ring)
Will    .....                   (no ring)
Stlth   ++........              (no ring)
HPRegen 0.14/turn               (no ring)
MPRegen 0.11/turn               (no ring)
                                (no ring)
                                (no ring)

@: no status effects
A: almost no armour, amphibious, 8 rings, camouflage 1, gelatinous body 1,
(nimble swimmer 1), tentacles
a: Renounce Religion


You were on level 4 of the Dungeon.
You worshipped Wu Jian.
Wu Jian was aware of your devotion.
You visited 1 branch of the dungeon, and saw 4 of its levels.

You collected 123 gold pieces.

Inventory:

Hand Weapons
 a - a +1 vorpal trident (weapon)
Missiles
 k - a throwing net (quivered)
Armour
 b - a +0 buckler (worn)
Jewellery
 o - a ring of protection from cold
Scrolls
 d - a scroll of enchant weapon
 j - 2 scrolls of teleportation
 l - 2 scrolls of magic mapping
Potions
 c - a potion of might
 e - 2 potions of degeneration {unknown}
 f - a potion of berserk rage {unknown}
 i - 3 potions of curing {unknown}
 m - a potion of ambrosia {unknown}


   Skills:
 * Level 4.2 Fighting
 * Level 3.3 Polearms
 + Level 3.4 Dodging
 + Level 3.4 Shields
 + Level 1.4 Spellcasting
 + Level 1.4 Transmutations
 + Level 1.7 Earth Magic
 * Level 2.7 Invocations


You had 7 spell levels left.
You didn't know any spells.
Your spell library contained the following spells:

 Spells                   Type           Power      Damage    Failure   Level
 Chain Lightning          Conj/Air       0%         N/A       100%        9
 Fire Storm               Conj/Fire      0%         5d1       100%        9
 Shatter                  Erth           2%         3d6*      100%        9


Dungeon Overview and Level Annotations

Branches:
Dungeon (4/15)
 Temple: D:4-7

Altars:
Wu Jian

Shops:
D:2 [


Innate Abilities, Weirdness & Mutations

You cannot wear most types of armour.
You are amphibious.
You can wear up to eight rings at the same time.
Your skin changes colour to match your surroundings (Stealth+).
Your rubbery body absorbs attacks. (AC +1, EV +1)
((You are camouflaged when in or above water. (Stealth+)))
You have tentacles for arms and can constrict up to eight enemies at once.


Message History

You are too injured to fight recklessly!
You are too injured to fight recklessly!
You are too injured to fight recklessly!
You are too injured to fight recklessly!
You are too injured to fight recklessly!
You are too injured to fight recklessly!
You are too injured to fight recklessly!
You are too injured to fight recklessly!
You are too injured to fight recklessly!
You are too injured to fight recklessly!
You are too injured to fight recklessly!
You are too injured to fight recklessly!
You are too injured to fight recklessly!
You are too injured to fight recklessly!
You are too injured to fight recklessly!
You are too injured to fight recklessly!
You are too injured to fight recklessly!
You are too injured to fight recklessly!
You are too injured to fight recklessly!
Unknown command.
You block the scorpion's attack.
You hit the scorpion but do no damage. Your grab misses the scorpion.
You squeeze the scorpion!
The scorpion is moderately wounded.
The scorpion stings you!
You completely miss the scorpion. Your grab misses the scorpion.
The scorpion is moderately wounded.
The scorpion closely misses you.
You hit the scorpion. You grab the scorpion. You squeeze the scorpion!
The scorpion is almost dead.
You constrict the scorpion.
You kill the scorpion!
The Council accepts your kill.
You hit the ice beast but do no damage.
You squeeze the ice beast, but do no damage.
The ice beast closely misses you.
You barely miss the ice beast. You squeeze the ice beast!
The ice beast is moderately wounded.
The ice beast hits you. The ice beast freezes you!
You die...

#..........#
#...........
#.........#
#.........#
##.........# .#
#.........#### .##
#............. ....
#......####### ...
######..Y@...##.###
###########......##
#...# #.........
#...# #.........
#...######.........
#............#.###.
#...##########...
#...# #..# #...#
#..


You could see an ice beast.

Vanquished Creatures
  A phantom (D:3)
  A scorpion (D:4)
  A bullfrog skeleton (D:4)
  3 orc wizards
  2 adders
  An adder skeleton (D:4)
  A worm (D:2)
  5 dart slugs
  3 orcs
  3 bats (D:1)
  6 endoplasms
  4 giant cockroaches
  9 goblins
  8 hobgoblins
  4 jackals
  3 kobolds
  5 quokkas
  7 ball pythons
  2 frilled lizards
  6 rats
75 creatures vanquished.

Notes
Turn   | Place    | Note
-------+----------+-------------------------------------------
     0 | D:1      | HallandMoats the Octopode Fighter began the quest for the
                  | Orb.
     0 | D:1      | Reached XP level 1. HP: 16/16 MP: 1/1
    77 | D:1      | Reached XP level 2. HP: 17/21 MP: 2/2
   272 | D:1      | Found a faded altar of an unknown god.
   406 | D:1      | Reached skill level 1 in Invocations
   552 | D:1      | Reached XP level 3. HP: 26/26 MP: 3/3
   942 | D:2      | Found Nacuu's Armour Shop.
   979 | D:2      | Reached skill level 1 in Earth Magic
   979 | D:2      | Reached XP level 4. HP: 21/31 MP: 3/5
  1378 | D:2      | Reached skill level 1 in Spellcasting
  1378 | D:2      | Reached XP level 5. HP: 22/37 MP: 6/6
  1552 | D:2      | Reached skill level 1 in Transmutations
  3230 | D:3      | Noticed a phantom
  3239 | D:3      | HP: 1/37 [phantom (4)]
  3241 | D:3      | Killed a phantom
  3242 | D:3      | Reached skill level 4 in Fighting
  3242 | D:3      | Reached XP level 6. HP: 2/43 MP: 7/7
  3734 | D:1      | Prayed at the altar of an unknown god.
  3734 | D:1      | Became a worshipper of the Wu Jian Council
  3734 | D:1      | Reached * piety under Wu Jian
  4008 | D:4      | Noticed an ice beast
  4024 | D:4      | Slain by an ice beast

Illustrated notes

Levels and vault maps discovered:
D:1:      minmay_arrival_arboretum_small, layout_basic,
          hellmonk_ecumenical_altar_zigzags
D:2:      layout_basic, serial_shops, shop
D:3:      layout_loops_corners, minmay_misc_feat_enclosed
D:4:      layout_rooms, grunt_temple_overflow_octagram,
          minmay_temple_entry_mist, hangedman_feature_mirror

Skill      XL: |  1  2  3  4  5 |
---------------+----------------+-----
Invocations    | 1 2 |  2.7
Earth Magic    | 1 |  1.7
Spellcasting   | 1 |  1.4
Transmutations | 1 |  1.4
Fighting       | 4 |  4.2
Polearms       | 3 |  3.3
Dodging        | |  3.4
Shields        | |  3.4

Action                   |  1- 3 |  4- 6 || total
-------------------------+-------+-------++-------
Melee: Trident           |    52 |   116 ||   168
       Constrict         |    12 |    19 ||    31
       Tentacles         |     6 |    15 ||    21
       Punch             |       |     1 ||     1
  Use: Scroll            |       |     5 ||     5
 Stab: Sleeping          |     8 |    12 ||    20
Armor: Skin              |     1 |     5 ||     6
Dodge: Dodged            |     9 |    36 ||    45
Block: Buckler           |     7 |     9 ||    16

Table legend: (Time is in decaauts)
 A = Elapsed time spent in this place.
 B = Non-inter-level travel time spent in this place.
 C = Inter-level travel time spent in this place.
 D = Time resting spent in this place.
 E = Time spent auto-exploring this place.
 F = Levels seen in this place.
 G = Mean time per level.
                   A        B        C        D        E       F      G
               +--------+--------+--------+--------+--------+-----+--------+
         Total |   4063 |   3847 |    216 |    659 |   2696 |   4 | 1015.8 |
       Dungeon |   4063 |   3847 |    216 |    659 |   2696 |   4 | 1015.8 |
               +--------+--------+--------+--------+--------+-----+--------+

Top non-repeatable levels by time:
     D:2: 1320 daAuts
     D:1: 1265 daAuts
     D:3: 1232 daAuts
     D:4: 245 daAuts
